AoeStats
← Rhum

African Clearing

510878136Analyzed
4v4 RM · 22h ago on Oct 2, 2026· 44m 7s· 8 players
Game mode
Random Map
Map size
Large (8 player)
Population
200
Speed
Normal
Resources
Standard
Victory
Conquest
Starting age
Dark Age
Ending age
Imperial Age
RankedLock teamsTeams togetherTeam positionsShared explorationLock speedFull tech treeHidden civsTurbo modeCheats
Victory
Defeat
🇨🇳 Danes · China
1427
+9
🇨🇳 Vietnamese · China
1269
+15
🇭🇰 Khmer · Hong Kong SAR China
1255
+15
🇨🇳 Mongols · China
1036
+23
🇦🇷 Lithuanians · Argentina
1257
-16
🇪🇸 Ethiopians · Spain
1254
-16
🇨🇦 Britons · Canada
1229
-15
🇫🇷 Huns · France
1223
-15
Rhum
3:00 Loom
14:03 Feudal Age
20:35 Fletching
21:49 Wheelbarrow
25:05 Wheelbarrow
mark4u.24
11:51 Loom
14:56 Feudal Age
15:36 Man-at-Arms
20:38 Fletching
23:53 Wheelbarrow
26:47 Castle Age
25:33 Man-at-Arms
26:52 Crossbowman
27:33 Bodkin Arrow
30:04 Hand Cart
PILLOSAURIO
11:10 Loom
13:25 Feudal Age
14:42 Double-Bit Axe
17:15 Castle Age
15:14 Gold Mining
18:36 Bow Saw
22:09 Town Watch
23:14 Wheelbarrow
23:04 Crossbowman
23:20 Elite Skirmisher
24:27 Fletching
24:45 Padded Archer Armor
27:49 Bodkin Arrow
28:31 Leather Archer Armor
29:00 Ballistics
30:23 Hand Cart
30:44 Stone Mining
ReBeL_persi
6:51 Loom
14:46 Feudal Age
16:02 Double-Bit Axe
19:01 Castle Age
17:27 Gold Mining
19:30 Scale Barding Armor
19:36 Forging
20:56 Bloodlines
20:47 Husbandry
24:35 Horse Collar
31:21 Chain Barding Armor
35:07 Iron Casting
35:44 Wheelbarrow
36:00 Fletching
38:48 Bodkin Arrow
海哥
11:55 Loom
13:46 Feudal Age
14:38 Double-Bit Axe
17:36 Castle Age
15:28 Gold Mining
15:30 Stone Mining
18:42 Bow Saw
19:33 Fletching
20:11 Bodkin Arrow
27:11 Ballistics
28:47 Wheelbarrow
27:57 Town Watch
29:29 Padded Archer Armor
31:21 Bloodlines
31:11 Husbandry
31:30 Leather Archer Armor
37:09 Imperial Age
36:07 Gold Shaft Mining
38:05 Bracer
39:07 Chemistry
38:02 Elite Mangudai
39:16 Conscription
41:22 Parthian Tactics
41:03 Thumb Ring
种天种地
8:56 Loom
12:54 Feudal Age
13:43 Double-Bit Axe
15:01 Loom
15:57 Horse Collar
18:46 Castle Age
16:40 Gold Mining
16:43 Stone Mining
19:59 Bow Saw
19:51 Heavy Plow
29:24 Bloodlines
29:14 Husbandry
29:24 Bloodlines
29:25 Husbandry
30:18 Scale Barding Armor
31:48 Gold Mining
32:52 Chain Barding Armor
33:10 Forging
35:16 Iron Casting
36:21 Stone Shaft Mining
36:25 Wheelbarrow
37:08 Hand Cart
40:49 Imperial Age
39:05 Devotion
41:00 Fletching
41:12 Chatras
41:00 Treadmill Crane
41:30 Masonry
40:55 Cavalier
42:11 Plate Barding Armor
42:47 Two-Man Saw
42:19 Crop Rotation
42:43 Coinage
43:16 Chemistry
42:23 Siege Engineers
42:39 Ballistics
43:32 Scale Mail Armor
43:28 Bodkin Arrow
_TY_Power
3:45 Loom
12:42 Feudal Age
13:51 Man-at-Arms
16:33 Arson
20:44 Double-Bit Axe
20:42 Horse Collar
25:15 Castle Age
29:02 Heavy Plow
33:53 Wheelbarrow
33:42 Bow Saw
34:23 Town Watch
34:37 Gold Mining
34:39 Stone Mining
35:29 Fletching
38:52 Imperial Age
38:26 Gold Shaft Mining
41:20 Hand Cart
41:06 Town Patrol
41:51 Stone Shaft Mining
42:12 Crop Rotation
42:24 Coinage
41:56 Caravan
42:51 Conscription
42:27 Bodkin Arrow
42:33 Padded Archer Armor
43:59 Bracer
44:15 Leather Archer Armor
豹豹是只大猫咪
8:30 Loom
13:10 Feudal Age
14:28 Double-Bit Axe
15:02 Town Watch
18:11 Castle Age
20:09 Scale Mail Armor
23:25 Fletching
35:33 Wheelbarrow
37:48 Forging
37:46 Squires
37:33 Arson
37:48 Hamask
42:00 Imperial Age
42:15 Bow Saw
42:59 Chain Mail Armor
43:23 Conscription
43:21 Elite Jomsviking
44:34 Plate Mail Armor
Connection lost

Rejoining the realm…

Still unreachable

The connection could not be restored.

Session expired

The server has moved on; the page needs a fresh start.